 Dungeon Crawl Stone Soup version 0.21.1-1-g345015f (webtiles) character file.

1170 Tarasboulda the Frost Mage (level 8, -1/52 HPs)
             Began as a Merfolk Ice Elementalist on June 19, 2018.
             Killed by nerve-wracking pain
             ... invoked by a shadow imp
              (14 damage)
             ... on level 5 of the Dungeon.
             The game lasted 00:20:52 (5556 turns).

Tarasboulda the Frost Mage (MfIE)                   Turns: 5556, Time: 00:20:52

Health: -1/52      AC:  3    Str:  8    XL:     8   Next: 40%
Magic:  1/11       EV: 17    Int: 15    God:
Gold:   280        SH:  4    Dex: 16    Spells: 3/11 levels left

rFire    . . .     SeeInvis .   e - +0 dagger
rCold    . . .     Gourm    .   (no shield)
rNeg     . . .     Faith    .   z - +1 robe {MR+}
rPois    .         Spirit   .   (no helmet)
rElec    .         Reflect  +   (no cloak)
rCorr    .         Harm     .   (no gloves)
MR       +....                  (no boots)
Stlth    +++.......             d - +4 amulet of reflection
HPRegen  0.17/turn              (no ring)
MPRegen  0.12/turn              (no ring)

@: no status effects
A: change form in water, swift swim, stealthy swim
a: no special abilities


You were on level 5 of the Dungeon.
You were near starving.

You visited 1 branch of the dungeon, and saw 5 of its levels.

You collected 280 gold pieces.

Inventory:

Hand Weapons
 e - a +0 dagger (weapon)
 y - a +0 scythe
 B - a +0 broad axe
Missiles
 f - 182 arrows
Armour
 a - a +0 robe
 k - a cursed +0 naga barding
 z - a +1 robe of magic resistance (worn)
Jewellery
 d - a +4 amulet of reflection (around neck)
 m - a cursed -3 ring of intelligence {unknown}
Wands
 v - a wand of paralysis (15)
Scrolls
 h - 4 scrolls of remove curse {unknown}
 j - 2 scrolls of amnesia
 n - a scroll of fog {unknown}
 r - 3 scrolls of teleportation {unknown}
 A - 3 scrolls of magic mapping {unknown}
 C - 2 scrolls of identify
Potions
 c - a potion of brilliance {unknown}
 g - 2 potions of haste {unknown}
 i - 2 potions of invisibility {unknown}
 l - a potion of curing
 o - a potion of agility {unknown}
 p - a potion of magic {unknown}
 q - a potion of resistance
 u - 2 potions of flight {unknown}
 w - a potion of degeneration {unknown}
 x - a potion of heal wounds {unknown}
Books
 b - a book of Frost

   Spells                             Type                      Level
   a - Freeze                         Ice                          1
   b - Throw Frost                    Conjuration/Ice              2
   c - Ozocubu's Armour               Charms/Ice                   3
   d - Throw Icicle                   Conjuration/Ice              4
   e - Summon Ice Beast               Ice/Summoning                4
 t - a book of Minor Magic

   Spells                             Type                      Level
   a - Magic Dart                     Conjuration                  1
   b - Blink                          Translocation                2
   c - Call Imp                       Summoning                    2
   d - Slow                           Hexes                        2
   e - Conjure Flame                  Conjuration/Fire             3
   f - Mephitic Cloud                 Conjuration/Poison/Air       3
Comestibles
 s - 4 rations


   Skills:
 + Level 6.8 Dodging
 + Level 6.1 Stealth
 - Level 2.0 Spellcasting
 - Level 0.7 Conjurations
 * Level 8.3 Ice Magic


You had 3 spell levels left.
You knew the following spells:

 Your Spells              Type           Power        Failure   Level  Hunger
a - Freeze                Ice            ####         1%          1    #......
b - Throw Frost           Conj/Ice       ###...       5%          2    ###....
c - Ozocubu's Armour      Chrm/Ice       ##......     12%         3    ###....
d - Blink                 Tloc           N/A          32%         2    ###....


Dungeon Overview and Level Annotations

Branches:
Dungeon (5/15)
 Temple: D:4-7

Altars:
Cheibriados
Fedhas
Wu Jian
Xom


Message History

Aim: a shadow imp (almost dead)
You freeze the shadow imp.
The shadow imp resists.
The shadow imp is almost dead.
The shadow imp misses you.
You see here a black potion.
You start to feel less resistant.
Casting: Freeze
Confirm with . or Enter, or press ? or * to list all spells.
Aiming: Freeze
Press: ? - help, Shift-Dir - straight line, f/p - shadow imp
Aim: a shadow imp (almost dead)
You freeze the shadow imp.
The shadow imp completely resists.
The shadow imp is almost dead.
The shadow imp barely misses you.
You see here an uncursed shortbow.
Your resistance to elements expires.
You see here a black potion.
The shadow imp gestures at you. Pain shoots through your body!
You die...

#.# #.# #.# #. #.####.# #.# #.
##......# #.# #### ##'
############.# ### ...# ##.. .##
#......# #.. ...# ##... ..##
#..##### #.# #.#.# #....
...####...######.####..!.###.....
...'.............5.!(......+.....
...####...######@###.....###.....
..## #..## #...)(....# ##.... .##
#.## #####.##### ##... ## #.# #.#
##.. # #.# #.# ####+ #.# #.#
#.... #######.# #.# ###.##.
#.......# #.######......
#.####### #.............


You could see a shadow imp.

Vanquished Creatures
  Sigmund (D:3)
  Purgy (D:3)
  A necrophage (D:5)
  2 centaurs
  An ogre (D:4)
  A bullfrog (D:5)
  2 scorpions (D:4)
  3 hounds
  A jelly (D:5)
  2 iguanas
  An orc wizard (D:4)
  2 worker ants
  3 gnolls (D:2)
  3 adders
  2 oozes
  2 adder skeletons (D:4)
  2 worms
  A dart slug (D:5)
  13 leopard geckos
  4 orcs
  6 bats
  5 giant cockroaches
  4 goblins
  7 hobgoblins
  7 jackals (D:1)
  A quokka (D:3)
  3 ball pythons
  7 frilled lizards
  7 kobolds
  5 rats
100 creatures vanquished.

Notes
Turn   | Place    | Note
-------+----------+-------------------------------------------
     0 | D:1      | Tarasboulda the Merfolk Ice Elementalist began the quest for the Orb.
     0 | D:1      | Reached XP level 1. HP: 13/13 MP: 3/3
   249 | D:1      | Reached XP level 2. HP: 19/19 MP: 1/5
   941 | D:1      | Reached skill level 4 in Ice Magic
   961 | D:1      | Reached XP level 3. HP: 22/24 MP: 4/6
  1634 | D:2      | Reached XP level 4. HP: 29/30 MP: 3/7
  2238 | D:2      | Found an ornate altar of the Wu Jian Council.
  2624 | D:2      | Found a faded altar of an unknown god.
  2748 | D:3      | You fall through a shaft!
  2756 | D:4      | Found a shimmering altar of Xom.
  2789 | D:4      | Reached skill level 5 in Ice Magic
  2789 | D:4      | Reached XP level 5. HP: 31/35 MP: 2/8
  3028 | D:4      | Reached XP level 6. HP: 38/41 MP: 4/9
  3038 | D:4      | Learned a level 2 spell: Throw Frost
  3042 | D:4      | Learned a level 3 spell: Ozocubu's Armour
  3056 | D:4      | Reached skill level 6 in Ice Magic
  3284 | D:4      | Reached skill level 5 in Dodging
  3284 | D:4      | Reached XP level 7. HP: 36/46 MP: 0/10
  3294 | D:4      | Learned a level 2 spell: Blink
  3720 | D:3      | Found a blossoming altar of Fedhas.
  3876 | D:3      | Noticed Sigmund
  3939 | D:3      | Killed Sigmund
  3939 | D:3      | Reached skill level 5 in Stealth
  3939 | D:3      | Reached skill level 7 in Ice Magic
  4061 | D:3      | Noticed Purgy
  4102 | D:3      | Killed Purgy
  4434 | D:5      | Entered Level 5 of the Dungeon
  4527 | D:5      | Found a snail-covered altar of Cheibriados.
  4651 | D:5      | Reached XP level 8. HP: 14/52 MP: 7/11
  5415 | D:5      | Reached skill level 8 in Ice Magic
  5517 | D:5      | HP: 2/51 [shadow imp (5)]
  5556 | D:5      | Killed from afar by a shadow imp

Skill      XL: |  1  2  3  4  5  6  7  8 |
---------------+-------------------------+-----
Dodging        | 3 4 5 6 |  6.8
Ice Magic      | 4 5 6 7 8 |  8.3
Stealth        | 3 4 5 6 |  6.1
Spellcasting   | |  2.0
Conjurations   | |  0.7

Action                   |  1- 3 |  4- 6 |  7- 9 || total
-------------------------+-------+-------+-------++-------
Melee: Unarmed           |     2 |       |       ||     2
       Dagger            |    30 |    64 |    67 ||   161
 Cast: Freeze            |    56 |    67 |    84 ||   207
       Throw Frost       |       |     3 |    15 ||    18
       Ozocubu's Armour  |       |     1 |     3 ||     4
  Use: Potion            |     3 |     1 |     2 ||     6
       Scroll            |     1 |       |       ||     1
  Eat: Chunk             |     3 |       |     2 ||     5
       Ration            |       |     2 |     2 ||     4
Armor: Robe              |    16 |    11 |     9 ||    36
Dodge: Dodged            |    62 |    61 |    90 ||   213
Block: Other             |     6 |    18 |    22 ||    46
       Reflection        |       |       |     2 ||     2
